 Dungeon Crawl Stone Soup version 0.24-a0-335-g06ca16a (webtiles) character file.

Game seed: 9197495240557964598

507 sking99 the Cleaver (level 7, -9/62 HPs)
             Began as a Hill Orc Monk on May 19, 2019.
             Was a Believer of Qazlal.
             Mangled by Crazy Yiuf
             ... wielding a +3 quarterstaff of chaos
              (17 damage)
             ... on level 4 of the Dungeon.
             The game lasted 00:08:36 (4496 turns).

sking99 the Cleaver (Hill Orc Monk)                 Turns: 4496, Time: 00:08:37

Health: -9/62      AC:  5    Str: 16    XL:     7   Next: 18%
Magic:  10/10      EV: 18    Int: 15    God:    Qazlal [**....]
Gold:   223        SH:  3    Dex: 18    Spells: 6/6 levels left

rFire    . . .     SeeInvis .   a - +0 hand axe
rCold    . . .     Gourm    .   (no shield)
rNeg     . . .     Faith    .   g - +0 troll leather armour {Purgy}
rPois    .         Spirit   .   (no helmet)
rElec    .         Reflect  .   (no cloak)
rCorr    .         Harm     .   i - +0 pair of gloves
MR       .....                  (no boots)
Stlth    ++........             (no amulet)
HPRegen  0.60/turn              f - ring of flight
MPRegen  0.12/turn              (no ring)

@: brilliant, agile, very slightly contaminated, invisible
A: no striking features
a: Upheaval, Renounce Religion, Evoke Flight


You were on level 4 of the Dungeon.
You worshipped Qazlal.
Qazlal was pleased with you.
You were near starving.

You visited 1 branch of the dungeon, and saw 4 of its levels.

You collected 223 gold pieces.

Inventory:

Hand Weapons
 a - a +0 hand axe (weapon)
 q - a +0 battleaxe
Armour
 g - a +0 troll leather armour (worn) {Purgy}
 i - a +0 pair of gloves (worn)
 k - a +0 plate armour
Jewellery
 f - a ring of flight (left hand)
Scrolls
 e - 2 scrolls of magic mapping
 l - a scroll of remove curse
 n - 2 scrolls of enchant weapon {unknown}
 r - a scroll of teleportation {unknown}
 t - a scroll of blinking {unknown}
 v - 3 scrolls of identify {unknown}
Potions
 b - a potion of curing
 d - 2 potions of brilliance
 h - a potion of invisibility {unknown}
 j - a potion of agility
 m - a potion of haste {unknown}
 p - a potion of degeneration {unknown}
 u - 2 potions of heal wounds {unknown}
Comestibles
 c - 8 rations


   Skills:
 + Level 5.7 Fighting
 * Level 8.1 Axes
 - Level 2.4 Dodging
 - Level 1.5 Stealth
 + Level 4.0 Invocations


You had 6 spell levels left.
You didn't know any spells.
Your spell library contained the following spells:

 Spells                   Type           Power        Failure   Level  Hunger
 Corona                   Hex            #......      4%          1    ##.....
 Ensorcelled Hibernation  Hex/Ice        #.....       6%          2    ###....
 Confuse                  Hex            #.......     11%         3    ####...
 Dazzling Spray           Conj/Hex       #.....       11%         3    ####...
 Tukima's Dance           Hex            #.......     11%         3    ####...


Dungeon Overview and Level Annotations

Branches:
Dungeon (4/15)
 Temple: D:4-7

Altars:
Hepliaklqana
Qazlal
Vehumet
Wu Jian

Annotations:
D:4 Crazy Yiuf


Message History

You are electrocuted!!
You hit Crazy Yiuf but do no damage.
Crazy Yiuf is lightly wounded.
Crazy Yiuf hits you with a +3 quarterstaff of chaos!
You fade into invisibility!
You are very lightly contaminated with residual magic.
You slash Crazy Yiuf!
Crazy Yiuf is heavily wounded.
Crazy Yiuf hits you with a +3 quarterstaff of chaos!
* * * LOW HITPOINT WARNING * * *
Crazy Yiuf freezes you.
* * * LOW HITPOINT WARNING * * *
You feel clever all of a sudden. Crazy Yiuf barely misses you.
It was a potion of agility.
You feel agile all of a sudden.
Crazy Yiuf hits you with a +3 quarterstaff of chaos.
* * * LOW HITPOINT WARNING * * *
You are electrocuted!
You die...

### #.#.#
#### ..#
#.#.# ..#
#.#[# #####
..# #.#.#
#..)# ###
#.#.### #...#
#.....# *...*
#########.###
*#'#*
..........#
♣♣g♣
......#####
♣@♣♣ .......#
### ♣♣.♣
.......# #.#
♣.♣♣ .......#
#.# ♣♣.♣♣
.......###.#
♣...♣♣
......[...>#
♣PPP.♣
#####..###.#
#....# #..#
#.# #....#
#####..# #.#
##...#


You could see Crazy Yiuf.

Vanquished Creatures
  Grinder (D:4)
  Purgy (D:4)
  A scorpion (D:3)
  Terence (D:2)
  5 adders (D:2)
  An ooze (D:2)
  3 worms
  A dart slug (D:3)
  4 leopard geckos
  3 orcs (D:3)
  A ball python (D:2)
  2 giant cockroaches
  4 goblins
  6 hobgoblins
  2 jackals (D:1)
  10 kobolds
  2 quokkas (D:3)
  3 bats (D:2)
  6 frilled lizards
  A quokka skeleton (D:4)
  4 rats
  A fungus (D:4)
63 creatures vanquished.

Notes
Turn   | Place    | Note
-------+----------+-------------------------------------------
     0 | D:1      | sking99 the Hill Orc Monk began the quest for the Orb.
     0 | D:1      | Reached XP level 1. HP: 19/19 MP: 1/1
    60 | D:1      | Reached XP level 2. HP: 14/27 MP: 2/2
   879 | D:2      | Found a radiant altar of Vehumet.
   925 | D:2      | Reached skill level 5 in Axes
   925 | D:2      | Reached XP level 3. HP: 19/33 MP: 3/3
  1165 | D:2      | Found a stormy altar of Qazlal.
  1166 | D:2      | Found a hazy altar of Hepliaklqana.
  1177 | D:2      | Became a worshipper of Qazlal Stormbringer
  1177 | D:2      | Reached * piety under Qazlal
  1177 | D:2      | Reached ** piety under Qazlal
  1858 | D:2      | Noticed Terence
  1872 | D:2      | Killed Terence
  1872 | D:2      | Reached skill level 1 in Invocations
  1872 | D:2      | Reached XP level 4. HP: 30/41 MP: 3/5
  2025 | D:2      | Found an ornate altar of the Wu Jian Council.
  2545 | D:2      | Reached skill level 6 in Axes
  2713 | D:2      | Reached XP level 5. HP: 44/47 MP: 6/6
  3231 | D:3      | Reached skill level 5 in Fighting
  3502 | D:4      | Reached *** piety under Qazlal
  3612 | D:4      | Noticed Purgy
  3786 | D:4      | Killed Purgy
  3786 | D:4      | Reached skill level 7 in Axes
  3786 | D:4      | Reached XP level 6. HP: 45/56 MP: 6/8
  4277 | D:4      | Noticed Grinder
  4289 | D:4      | Paralysed by Grinder for 5 turns
  4321 | D:4      | Killed Grinder
  4321 | D:4      | Reached skill level 8 in Axes
  4321 | D:4      | Reached XP level 7. HP: 38/62 MP: 8/10
  4482 | D:4      | Found a runed translucent door.
  4483 | D:4      | Noticed Crazy Yiuf
  4496 | D:4      | Mangled by Crazy Yiuf

Levels and vault maps discovered:
D:1:      evilmike_arrival_hilbert_curve, layout_basic
D:2:      layout_loops_cross, nicolae_overflow_crystal_walls, marbit_many_paths,
          grunt_temple_overflow_open, uniq_terence
D:3:      layout_basic
D:4:      layout_basic, first_ration, uniq_purgy, uniq_grinder,
          uniq_crazy_yiuf_cottage

Skill      XL: |  1  2  3  4  5  6 |
---------------+-------------------+-----
Fighting       | 4 5 |  5.7
Axes           | 5 6 7 8 |  8.1
Invocations    | 1 3 4 |  4.0
Dodging        | |  2.4
Stealth        | |  1.5

Action                   |  1- 3 |  4- 6 |  7- 9 || total
-------------------------+-------+-------+-------++-------
Melee: Hand axe          |   143 |   167 |    17 ||   327
  Use: Potion            |     2 |       |     2 ||     4
       Scroll            |       |     3 |       ||     3
 Stab: Sleeping          |     1 |       |       ||     1
  Eat: Chunk             |     3 |     7 |       ||    10
Armor: Robe              |    16 |     6 |       ||    22
       Scale mail        |       |    40 |       ||    40
Dodge: Dodged            |    85 |    76 |     3 ||   164
Block: Other             |     6 |    23 |       ||    29

Table legend:
 A = Non-vault XP
 B = Vault XP
 C = Vault XP percentage of total XP
 D = Non-vault monster count
 E = Vault monster count
 F = Vault count percentage of total count
                 A         B        C        D         E       F
            +---------+---------+-------+---------+---------+-------
      Total |     247 |     478 |  65.9 |      58 |       4 |   6.5
            +---------+---------+-------+---------+---------+-------
        D:1 |      20 |       0 |   0.0 |      10 |       0 |   0.0
        D:2 |     108 |      38 |  26.0 |      27 |       2 |   6.9
        D:3 |     117 |       0 |   0.0 |      19 |       0 |   0.0
        D:4 |       2 |     440 |  99.5 |       2 |       2 |  50.0
            +---------+---------+-------+---------+---------+-------
